 Dungeon Crawl Stone Soup version 0.22-a0-750-ga7dcef7 (webtiles) character file.

191824 inmateoo the Brawler (level 18, -32/98 HPs)
             Began as a Vine Stalker Ice Elementalist on July 15, 2018.
             Was the Champion of Cheibriados.
             Killed from afar by a merfolk aquamancer (43 damage)
             ... with a ball of steam
             ... on level 4 of the Shoals.
             The game lasted 00:40:40 (23744 turns).

inmateoo the Brawler (VSIE)                        Turns: 23744, Time: 00:40:41

Health: -32/98     AC: 23    Str: 33    XL:     18   Next: 66%
Magic:  0/31       EV:  8    Int: 25    God:    Cheibriados [******]
Gold:   1370       SH: 24    Dex: 33    Spells: 24/34 levels left

rFire    . . .     SeeInvis +     - Unarmed
rCold    + + .     Gourm    .   m - +2 large shield "Qoguxih" {rCorr Slay+3 SInv}
rNeg     . . .     Faith    .   D - +4 chain mail {rPois}
rPois    +         Spirit   +   h - +0 hat of Kedo {rC+}
rElec    .         Reflect  .   K - scarf {cloud immunity}
rCorr    +         Harm     .   S - +2 pair of gloves {archery}
MR       ++...                  Q - +0 pair of boots
Stlth    ..........             e - amulet of regeneration
HPRegen  1.46/turn              L - ring "Idausyno" {rC+ Int-5 Dex+4 SInv}
MPRegen  0.22/turn              N - +3 ring of protection

@: very slow
A: fangs 3, horns 1, clumsy 1, regeneration 2, wild magic 1, magic shield,
antimagic bite, no potion heal 3, rot immunity
a: Bend Time, Temporal Distortion, Slouch, Step From Time, Renounce Religion


You were on level 4 of the Shoals.
You worshipped Cheibriados.
Cheibriados was exalted by your worship.
You were not hungry.

You visited 5 branches of the dungeon, and saw 30 of its levels.
You visited the Abyss 2 times.
You also visited: Ossuary.

You collected 3019 gold pieces.
You spent 1649 gold pieces at shops.

Inventory:

Armour
 h - the +0 hat of Kedo (worn) {rC+}
   (You acquired it on level 10 of the Dungeon)

   It protects you from cold.
 l - a +0 helmet
 m - the +2 large shield "Qoguxih" (worn) {rCorr Slay+3 SInv}
   (You found it on level 4 of the Dungeon)

   It affects your accuracy and damage with ranged weapons and melee attacks
   (+3).
   It lets you see invisible.
   It provides partial protection from all sources of acid and corrosion.
 D - a +4 chain mail of poison resistance (worn)
 K - a scarf of cloud immunity (worn)
 Q - a +0 pair of boots (worn)
 S - a +2 pair of gloves of archery (worn)
Jewellery
 e - an amulet of regeneration (around neck)
 G - an uncursed ring of fire
 H - an uncursed ring of poison resistance
 L - the ring "Idausyno" (left hand) {rC+ Int-5 Dex+4 SInv}
   (You found it on level 6 of the Lair of Beasts)

   [ring of protection from cold]

   It affects your intelligence (-5).
   It affects your dexterity (+4).
   It protects you from cold.
   It lets you see invisible.
 N - a +3 ring of protection (right hand)
Wands
 d - a wand of iceblast (10)
 g - a wand of polymorph (12)
 j - a wand of scattershot (6)
 x - a wand of clouds (12)
 z - a wand of enslavement (7)
 E - a wand of flame (24)
 P - a wand of paralysis (15)
 R - a wand of acid (11)
 T - a wand of disintegration (11)
 U - a wand of random effects (8)
 V - a wand of digging (13)
Scrolls
 f - 5 scrolls of amnesia
 k - 6 scrolls of enchant armour
 n - 6 scrolls of fear
 p - 7 scrolls of remove curse
 y - a scroll of teleportation
 B - a scroll of silence
 C - 5 scrolls of enchant weapon
 F - 17 scrolls of identify
 I - 5 scrolls of magic mapping
 J - 3 scrolls of fog
Potions
 a - 16 potions of curing
 b - a potion of ambrosia
 i - a potion of agility
 o - 3 potions of mutation
 q - 3 potions of brilliance
 r - 5 potions of lignification
 s - 2 potions of might
 t - 2 potions of cancellation
 u - 3 potions of resistance
 v - 2 potions of magic
 w - a potion of flight
 M - a potion of invisibility
Miscellaneous
 O - a lamp of fire
Comestibles
 c - 48 rations


   Skills:
 - Level 12.0 Fighting
 - Level 10.0 Armour
 - Level 1.5 Dodging
 - Level 2.4 Stealth
 - Level 12.0 Shields
 - Level 18.0 Unarmed Combat
 + Level 8.9 Spellcasting
   Level 1.0 Conjurations
 - Level 4.0 Charms
 - Level 4.0 Necromancy
 + Level 7.8 Transmutations
 - Level 3.0 Ice Magic
 + Level 7.8 Earth Magic
 - Level 9.0 Invocations


You had 24 spell levels left.
You knew the following spells:

 Your Spells              Type           Power        Failure   Level  Hunger
a - Freeze                Ice            ####         38%         1    None
b - Regeneration          Chrm/Necr      #####.....   61%         3    None
c - Statue Form           Tmut/Erth      ######...    100%        6    ######.

Your spell library contained the following spells:

 Spells                   Type           Power        Failure   Level  Hunger
 Magic Dart               Conj           ###.         65%         1    None
 Apportation              Tloc           ##....       78%         1    None
 Conjure Flame            Conj/Fire      ###.....     97%         3    None
 Bolt of Fire             Conj/Fire      ###.......   100%        6    ######.
 Slow                     Hex            ##......     89%         2    None
 Confuse                  Hex            ##......     98%         3    None
 Throw Frost              Conj/Ice       ####..       65%         2    None
 Mephitic Cloud           Conj/Pois/Air  ###.....     97%         3    None
 Summon Small Mammal      Summ           ##..         78%         1    None
 Blink                    Tloc           N/A          89%         2    None
 Animate Skeleton         Necr           N/A          28%         1    None
 Summon Ice Beast         Ice/Summ       ###.....     100%        4    ##.....
 Ozocubu's Armour         Chrm/Ice       #####...     67%         3    None
 Call Imp                 Summ           ##......     89%         2    None
 Corpse Rot               Necr           N/A          38%         2    None
 Stone Arrow              Conj/Erth      #####.       54%         3    None
 Shock                    Conj/Air       ###.         73%         1    None
 Throw Icicle             Conj/Ice       ####....     99%         4    ##.....
 Confusing Touch          Hex            ##....       78%         1    None
 Metabolic Englaciation   Hex/Ice        ###.......   100%        5    ####...
 Lee's Rapid Deconstruct  Erth           ######....   82%         5    ####...
 Conjure Ball Lightning   Conj/Air       ###.......   100%        6    ######.
 Petrify                  Tmut/Erth      ######..     47%         4    ##.....
 Leda's Liquefaction      Hex/Erth       #####.....   94%         4    ##.....
 Summon Hydra             Summ           ##........   100%        7    #######
 Shroud of Golubria       Chrm/Tloc      ####......   65%         2    None
 Infusion                 Chrm           ####         28%         1    None
 Song of Slaying          Chrm           #####...     38%         2    None
 Spectral Weapon          Hex/Chrm       ####....     86%         3    None
 Summon Forest            Summ/Tloc      ##........   100%        5    ####...
 Spellforged Servitor     Conj/Summ      ###.......   100%        7    #######
 Hydra Form               Tmut           ######....   100%        6    ######.
 Gell's Gravitas          Tloc           ##........   98%         3    None
 Yara's Violent Unravell  Hex/Tmut       #####.....   100%        5    ####...
 Borgnjor's Vile Clutch   Necr/Erth      ######....   96%         5    ####...


Dungeon Overview and Level Annotations

Branches:
Dungeon (14/15)            Temple (0/1) D:6            Lair (6/6) D:8
 Shoals (4/4) Lair:2        Snake (4/4) Lair:4        Slime (0/5) Lair:5
    Orc (2/2) D:9             Elf (0/3) Orc:2        Vaults (0/5) D:14

Altars:
Cheibriados
Nemelex Xobeh
Trog
Uskayaw
Xom
The Shining One
Jiyva

Shops:
D:9 *   D:10 *   Orc:2 :*[(   Shoals:3 =   Snake:4 (

Annotations:
D:4 3 runed doors, NorthaanB's ghost, amateur DrFi
D:5 2 transporters


Innate Abilities, Weirdness & Mutations

You have razor-sharp teeth.
You heal very quickly.
When hurt, damage is shared between your health and your magic reserves.
Your bite disrupts and absorbs the magic of your enemies.
Potions cannot restore your health.
You are immune to rotting.
You have a pair of small horns on your head.
You are clumsy. (Dex -2)
Your spells are a little harder to cast, but a little more powerful.


Message History

The merfolk looks frightened!
The merfolk siren looks frightened!
The merfolk javelineer looks frightened!
* * * LOW HITPOINT WARNING * * *
You feel very sick.
You block the merfolk aquamancer's attack.
The merfolk aquamancer falters for a moment.
A merfolk avatar and a merfolk javelineer come into view.
The merfolk javelineer is wielding a vampiric spear.
Unknown command.
Unknown command.
Your system rejects the healing.
You feel better.
The merfolk javelineer shouts!
The merfolk aquamancer looks rattled.
The merfolk aquamancer mumbles some strange words.
The merfolk aquamancer blinks!
The merfolk aquamancer gestures wildly while chanting.
The merfolk aquamancer blinks!
The merfolk aquamancer gestures at you while chanting.
The ball of steam hits you!
You die...

≈≈≈≈≈≈...#
≈≈≈≈≈≈≈..#
≈≈≈≈≈≈≈≈.#
≈≈≈≈≈≈≈≈m## ##
≈≈≈≈≈≈≈≈..# ..≈
≈≈≈≈≈≈≈≈..# [.m≈
≈≈≈≈≈≈≈≈..###.≈≈≈
≈≈≈≈≈≈.@≈......≈≈
...≈≈≈§m(≈.....≈≈
.###m...≈≈t....≈≈
####m≈≈≈≈≈≈≈≈≈
##.≈§t.....
#.SSC≈..#.#
#.≈.m#### #
#.m##. #.m#


mm You could see a frost giant (fleeing), a merfolk avatar, 2 merfolk
javelineers, 2 sea snakes, 3 merfolk aquamancers and 2 snapping turtles.

Vanquished Creatures
  A bone dragon (Abyss:3)
  A Hell Sentinel (Abyss:3)
  A quicksilver dragon (Abyss:3)
  Polyphemus (Shoals:3)
  The ghost of Ijustatesigmund the Bringer of Light, an adept OpFi of the Shining One (Snake:2)
  2 tentacled starspawn (Abyss:3)
  Kirke (Shoals:3)
  Ilsuiw (Shoals:3)
  Roxanne (Snake:3)
  3 nagarajas
  A revenant (Abyss:3)
  An orc warlord (Orc:2)
  A draconian scorcher (Abyss:3)
  A draconian knight (Abyss:3)
  A draconian stormcaller (Abyss:3)
  Louise (Shoals:2)
  The ghost of Rijenev the Severer, a journeyman MiFi of Okawaru (Shoals:1)
  The ghost of kuniqs the Eclecticist, an adept DECj of Vehumet (Snake:1)
  The ghost of Jeytapiq the Summoner, an adept VSSu of Sif Muna (Snake:1)
  A very ugly thing (Abyss:3)
  Azrael (D:12)
  A dire elephant (Lair:6)
  3 merfolk javelineers
  Snorg (D:12)
  4 merfolk impalers
  Josephine (Lair:6)
  The ghost of Huudej the Grappler, a journeyman TrWz of Ashenzari (D:12)
  Fannar (Orc:1)
  4 naga warriors
  7 hydras
  Erolcha (D:9)
  5 catoblepae
  A satyr (Shoals:3)
  The ghost of TheNamelessOne the Thaumaturge, a journeyman DrCj of Vehumet (Lair:1)
  3 merfolk avatars (Shoals:1)
  4 two-headed ogres
  2 merfolk aquamancers
  A death knight (D:14)
  13 death yaks
  6 anacondas
  A centaur warrior (D:14)
  A deep troll shaman (Lair:6)
  A vampire mage (Abyss:3)
  3 thrashing horrors (Abyss:3)
  5 naga sharpshooters
  5 shock serpents
  3 orc high priests (Orc:2)
  A sun demon (Abyss:3)
  2 sixfirhies (Abyss:3)
  2 wretched stars (Abyss:3)
  13 sea snakes
  2 naga ritualists (Snake:2)
  A salamander mystic (Snake:3)
  3 unseen horrors
  A spatial maelstrom (Abyss:3)
  A phantasmal warrior (Abyss:3)
  25 harpies
  5 orc knights
  6 ugly things
  A deep elf mage (D:13)
  10 fauns
  5 orc sorcerers (Orc:2)
  5 salamanders
  8 manticores
  3 mana vipers (Snake:2)
  5 draconians (Abyss:3)
  6 cyclopes
  5 spectral centaurs (D:12)
  11 merfolk sirens
  5 guardian serpents
  2 water nymphs (Shoals:3)
  3 elephants (Lair:6)
  28 black mambas
  8 large abominations
  5 naga magi
  2 smoke demons (Abyss:3)
  8 spiny frogs
  An orange demon (Abyss:3)
  An apocalypse crab (Abyss:3)
  2 rime drakes
  An efreet (Abyss:3)
  An anaconda simulacrum (Lair:3)
  2 komodo dragons
  A yaktaur (Shoals:1)
  3 ancient zymes (Abyss:3)
  3 hellwings (Abyss:3)
  A queen bee (D:10)
  2 polar bears (Lair:6)
  2 wolf spider simulacra
  3 wind drakes
  3 slime creatures (D:13)
  15 merfolk
  8 trolls
  4 hornets
  12 blink frogs
  5 dream sheep (Lair:6)
  11 hippogriffs
  A meliai zombie (D:13)
  A centaur simulacrum (D:12)
  8 snapping turtles
  A flying skull (Abyss:3)
  13 starcursed masses (Abyss:3)
  A shadow (Abyss:3)
  9 water elementals
  5 basilisks
  A vampire (D:14)
  4 wraiths
  2 ynoxinuls (Abyss:3)
  3 wyverns
  5 fire elementals (D:12)
  A neqoxec (Abyss:3)
  26 yaks
  A dire elephant simulacrum (Lair:3)
  3 hogs (Shoals:3)
  A steam dragon (D:11)
  A warg (Orc:1)
  A hungry ghost (Abyss:3)
  A hell hound (D:12)
  19 nagas
  10 water moccasins
  8 porcupines
  27 orc warriors
  3 soldier ants
  A hornet zombie (D:14)
  6 ice beasts
  4 sky beasts
  4 black bears
  4 phantoms
  A necrophage (D:8)
  8 ogres
  An eye of draining (D:13)
  A black mamba simulacrum (Lair:3)
  13 centaurs
  29 wolves
  4 boggarts (Lair:6)
  8 crocodiles
  7 small abominations (Abyss:3)
  A big kobold (D:11)
  18 bullfrogs
  A water moccasin zombie (Ossuary)
  3 scorpions
  2 wyvern skeletons (D:12)
  31 killer bees
  12 wights
  An electric eel (Lair:4)
  3 howler monkeys
  2 vampire bats (D:11)
  11 crimson imps
  A bullfrog zombie (D:8)
  4 centaur zombies
  2 quasits
  29 orc priests
  3 bullfrog skeletons
  2 centaur skeletons
  2 hounds
  4 jellies
  36 orc wizards
  A water moccasin simulacrum (Lair:3)
  7 iguanas
  10 worker ants
  4 big kobold zombies (Ossuary)
  A porcupine simulacrum (Lair:3)
  2 mummies (Ossuary)
  Robin (D:4)
  3 gnolls (D:6)
  8 adders
  A white imp (Abyss:3)
  3 adder skeletons
  4 adder zombies (Ossuary)
  5 worms
  2 dart slugs
  9 leopard geckos
  80 orcs
  7 giant cockroaches
  13 goblins
  7 hobgoblins
  17 jackals
  5 quokkas
  14 bats
  3 frilled lizards
  3 gnoll zombies (Ossuary)
  A goblin zombie (D:6)
  6 hobgoblin zombies (Ossuary)
  A jackal skeleton (D:6)
  5 kobolds
  4 kobold zombies (Ossuary)
  2 orc zombies (Ossuary)
  6 rats (D:1)
  A rat zombie (D:6)
  2 bushes
  3 plants
1022 creatures vanquished.

Vanquished Creatures (collateral kills)
  3 orcs (Orc:2)
3 creatures vanquished.

Vanquished Creatures (others)
  2 humans (Shoals:3)
  A chaos spawn (Abyss:3)
  An orc wizard (Orc:2)
  A frilled lizard (D:1)
  A fungus (Lair:6)
  9 plants
  6 starspawn tentacles (Abyss:3)
  6 withered plants (Snake:1)
27 creatures vanquished.

Grand Total: 1052 creatures vanquished

Notes
Turn   | Place    | Note
-------+----------+-------------------------------------------
     0 | D:1      | inmateoo the Vine Stalker Ice Elementalist began the quest for the Orb.
     0 | D:1      | Reached XP level 1. HP: 9/9 MP: 4/4
    74 | D:1      | Reached skill level 1 in Unarmed Combat
   161 | D:1      | Reached XP level 2. HP: 6/13 MP: 0/6
   421 | D:1      | Reached skill level 2 in Unarmed Combat
   851 | D:1      | Gained mutation: Your mind is acute. (Int +2) [potion of mutation]
   851 | D:1      | Gained mutation: You have a pair of small horns on your head. [potion of mutation]
   851 | D:1      | Gained mutation: Your spells are a little harder to cast, but a little more powerful. [potion of mutation]
  1201 | D:2      | Reached XP level 3. HP: 12/16 MP: 4/7
  1279 | D:2      | Found a sparkling altar of Nemelex Xobeh.
  1455 | D:2      | Reached skill level 3 in Unarmed Combat
  1977 | D:2      | Gained mutation: Your natural rate of healing is unusually fast. [Vine Stalker growth]
  1977 | D:2      | Reached XP level 4. HP: 21/21 MP: 8/8
  2080 | D:3      | Reached skill level 4 in Unarmed Combat
  2233 | D:3      | Noticed an ice beast
  2315 | D:3      | Killed an ice beast
  2315 | D:3      | Reached skill level 5 in Unarmed Combat
  2315 | D:3      | Reached XP level 5. HP: 22/24 MP: 6/9
  2593 | D:4      | Noticed a phantom
  2646 | D:4      | Killed a phantom
  2646 | D:4      | Reached skill level 6 in Unarmed Combat
  2646 | D:4      | Reached XP level 6. HP: 28/28 MP: 8/10
  2661 | D:4      | Found a snail-covered altar of Cheibriados.
  2720 | D:4      | Became a worshipper of Cheibriados the Contemplative
  2767 | D:4      | Noticed Robin
  2782 | D:4      | Killed Robin
  2890 | D:4      | Reached skill level 1 in Fighting
  2934 | D:4      | Found a glowing golden altar of the Shining One.
  2947 | D:4      | Noticed NorthaanB's ghost (amateur DrFi)
  2948 | D:4      | Found a runed gate.
  2949 | D:4      | Found a runed gate.
  2950 | D:4      | Found a runed gate.
  2996 | D:4      | Reached XP level 7. HP: 33/33 MP: 11/11
  3047 | D:4      | Got a scorched large shield
  3053 | D:4      | Identified the +2 large shield "Qoguxih" {rCorr Slay+3 SInv} (You found it on level 4 of the Dungeon)
  3208 | D:4      | Reached * piety under Cheibriados
  3260 | D:5      | Entered Level 5 of the Dungeon
  3301 | D:5      | Reached skill level 7 in Unarmed Combat
  3318 | D:5      | Found a transporter.
  3490 | D:5      | Reached skill level 8 in Unarmed Combat
  3490 | D:5      | Gained mutation: You have razor-sharp teeth. [Vine Stalker growth]
  3490 | D:5      | Reached XP level 8. HP: 39/39 MP: 12/12
  3539 | D:5      | Noticed a kobold demonologist
  3546 | D:5      | Found a transporter.
  3679 | D:5      | Reached ** piety under Cheibriados
  3857 | D:5      | Found a shimmering altar of Xom.
  3963 | D:6      | Found a sand-covered staircase.
  4051 | Ossuary  | Entered an ossuary
  4154 | Ossuary  | Reached skill level 1 in Shields
  4167 | Ossuary  | Reached skill level 1 in Armour
  4234 | D:6      | Reached skill level 9 in Unarmed Combat
  4234 | D:6      | Reached skill level 1 in Invocations
  4261 | D:6      | Found a staircase to the Ecumenical Temple.
  4262 | D:6      | Reached XP level 9. HP: 22/45 MP: 7/13
  4267 | D:6      | Reached *** piety under Cheibriados
  4755 | D:7      | Reached **** piety under Cheibriados
  4755 | D:7      | Reached skill level 10 in Unarmed Combat
  4759 | D:7      | Reached skill level 5 in Fighting
  4986 | D:8      | Reached XP level 10. HP: 51/51 MP: 14/14
  5033 | D:8      | Found a staircase to the Lair.
  5156 | D:8      | Reached ***** piety under Cheibriados
  5892 | D:9      | Found Weoni's General Store.
  5917 | D:9      | Bought a scroll of identify for 28 gold pieces
  5917 | D:9      | Bought a scroll of identify for 28 gold pieces
  6040 | D:9      | Noticed Erolcha
  6046 | D:9      | Killed Erolcha
  6046 | D:9      | Reached skill level 11 in Unarmed Combat
  6115 | D:9      | Found a hide-covered altar of Uskayaw.
  6118 | D:9      | Found a bloodstained altar of Trog.
  6357 | D:9      | Found a staircase to the Orcish Mines.
  6525 | D:10     | Entered Level 10 of the Dungeon
  6600 | D:10     | Found Keefrefek's Assorted Antiques.
  6610 | D:10     | Bought a glowing chain mail for 172 gold pieces
  6610 | D:10     | Bought a scroll of blinking for 172 gold pieces
  6610 | D:10     | Bought a fizzy ruby potion for 20 gold pieces
  6657 | D:10     | Reached skill level 5 in Invocations
  6685 | D:10     | Reached XP level 11. HP: 52/56 MP: 13/15
  6689 | D:10     | Reached skill level 5 in Shields
  6960 | D:10     | Reached skill level 12 in Unarmed Combat
  7158 | D:10     | Identified a scroll of acquirement
  7161 | D:10     | Got a polished hat
  7167 | D:10     | Identified the +0 hat of Kedo {rC+} (You acquired it on level 10 of the Dungeon)
  7210 | D:11     | Reached skill level 5 in Armour
  7308 | D:11     | Noticed a manticore
  7315 | D:11     | Killed a manticore
  7366 | D:11     | Reached ****** piety under Cheibriados
  7682 | D:11     | You fall through a shaft for 3 floors!
  7742 | D:14     | Noticed a death knight
  7742 | D:14     | Noticed a centaur warrior
  7750 | D:14     | Killed a death knight
  7753 | D:14     | Killed a centaur warrior
  7753 | D:14     | Gained mutation: You heal very quickly. [Vine Stalker growth]
  7753 | D:14     | Reached XP level 12. HP: 31/63 MP: 17/17
  7889 | D:14     | Reached skill level 13 in Unarmed Combat
  7891 | D:14     | Found a gate to the Vaults.
  8004 | D:14     | Noticed a two-headed ogre
  8010 | D:14     | Killed a two-headed ogre
  8067 | D:14     | Noticed a two-headed ogre
  8074 | D:14     | Killed a two-headed ogre
  8221 | D:13     | Noticed a four-headed hydra
  8227 | D:13     | Killed a four-headed hydra
  8322 | D:13     | Noticed a two-headed ogre
  8326 | D:13     | Killed a two-headed ogre
  8326 | D:13     | Reached XP level 13. HP: 68/68 MP: 19/19
  9006 | D:12     | Found a runed gate.
  9006 | D:12     | Found a runed gate.
  9006 | D:12     | Found a runed gate.
  9006 | D:12     | Noticed Huudej's ghost (journeyman TrWz)
  9063 | D:12     | Noticed Azrael
  9077 | D:12     | Killed Azrael
  9077 | D:12     | Reached skill level 14 in Unarmed Combat
  9210 | D:12     | Noticed Snorg
  9220 | D:12     | Killed Snorg
  9422 | D:12     | Killed Huudej's ghost
  9642 | Orc:1    | Entered Level 1 of the Orcish Mines
  9877 | Orc:1    | Noticed Fannar
  9882 | Orc:1    | Killed Fannar
 10212 | Orc:2    | Entered Level 2 of the Orcish Mines
 10220 | Orc:2    | Gained mutation: You are clumsy. (Dex -2) [a neqoxec]
 10417 | Orc:2    | Found a staircase to the Elven Halls.
 10531 | Orc:2    | Reached XP level 14. HP: 58/75 MP: 17/21
 10750 | Orc:2    | Noticed an orc warlord
 10884 | Orc:2    | Killed an orc warlord
 10884 | Orc:2    | Reached skill level 15 in Unarmed Combat
 11099 | Orc:2    | Found Haosaimy's General Store.
 11100 | Orc:2    | Found Sytiw's Book Shop.
 11105 | Orc:2    | Found Ruthreh's Antique Armour Boutique.
 11105 | Orc:2    | Found Munuwoff's Antique Weapon Boutique.
 11144 | Orc:2    | Bought a scroll of identify for 30 gold pieces
 11144 | Orc:2    | Bought a scroll of teleportation for 45 gold pieces
 11144 | Orc:2    | Bought a potion of agility for 60 gold pieces
 11144 | Orc:2    | Bought a scroll of identify for 30 gold pieces
 11159 | Orc:2    | Bought a heavily runed plate armour for 1064 gold pieces
 11215 | Orc:2    | Identified the cursed +1 plate armour of Melancholy {rElec Int+3 Dex+3} (You bought it in a shop on level 2 of the Orcish Mines)
 11400 | Lair:1   | Entered Level 1 of the Lair of Beasts
 11878 | Lair:1   | Found a runed gate.
 11878 | Lair:1   | Found a runed gate.
 11879 | Lair:1   | Found a runed gate.
 11879 | Lair:1   | Noticed TheNamelessOne's ghost (journeyman DrCj)
 12151 | Lair:1   | Killed TheNamelessOne's ghost
 12164 | Lair:1   | Identified the +6 broad axe of Zokiypy {chop, *Slow +Inv Str+8 Int-3} (You found it on level 1 of the Lair of Beasts)
 12597 | Lair:2   | Found a staircase to the Shoals.
 13040 | Lair:3   | Found a transporter.
 13068 | Lair:3   | Reached skill level 10 in Fighting
 13138 | Lair:3   | Found a transporter.
 13960 | Lair:4   | Found a staircase to the Snake Pit.
 14060 | Lair:4   | Reached XP level 15. HP: 46/80 MP: 22/22
 14113 | Lair:4   | Learned a level 3 spell: Regeneration
 14785 | Lair:5   | Found a viscous altar of Jiyva.
 14785 | Lair:5   | Found a staircase to the Slime Pits.
 14849 | Lair:5   | Reached skill level 1 in Necromancy
 14863 | Lair:5   | Reached skill level 1 in Charms
 15131 | Lair:6   | Entered Level 6 of the Lair of Beasts
 15157 | Lair:6   | Reached skill level 16 in Unarmed Combat
 15377 | Lair:6   | Noticed Josephine
 15382 | Lair:6   | Killed Josephine
 15550 | Lair:6   | Found a sparkling altar of Nemelex Xobeh.
 16009 | Lair:6   | Got a heavily runed glass ring
 16018 | Lair:6   | Identified the ring "Idausyno" {rC+ Int-5 Dex+4 SInv} (You found it on level 6 of the Lair of Beasts)
 16128 | Snake:1  | Entered Level 1 of the Snake Pit
 16311 | Snake:1  | Found a runed gate.
 16376 | Snake:1  | Found a runed gate.
 16379 | Snake:1  | Found a runed gate.
 16380 | Snake:1  | Noticed kuniqs's ghost (adept DECj)
 16382 | Snake:1  | Noticed Jeytapiq's ghost (adept VSSu)
 16432 | Snake:1  | Reached skill level 10 in Shields
 17227 | Snake:1  | Killed kuniqs's ghost
 17323 | Snake:1  | Killed Jeytapiq's ghost
 17489 | Snake:2  | Found a large runed door.
 17490 | Snake:2  | Found a large runed door.
 17492 | Snake:2  | Noticed Ijustatesigmund's ghost (adept OpFi)
 17495 | Snake:2  | Reached XP level 16. HP: 86/86 MP: 23/23
 18033 | Snake:2  | Noticed a nagaraja
 18038 | Snake:2  | Noticed a nagaraja
 18046 | Snake:2  | Killed a nagaraja
 18051 | Snake:2  | Killed a nagaraja
 18103 | Snake:2  | Reached skill level 17 in Unarmed Combat
 18585 | Snake:2  | Killed Ijustatesigmund's ghost
 18593 | Snake:2  | Identified the +1 long sword of Behuca {slice, rElec Dex+3} (You found it on level 2 of the Snake Pit)
 18755 | Snake:3  | Noticed Roxanne
 19489 | Snake:3  | Reached skill level 10 in Armour
 19793 | Snake:3  | Killed Roxanne
 19794 | Snake:3  | Identified Roxanne's Volume of the Mountains (You took it off Roxanne on level 3 of the Snake Pit)
 19803 | Snake:3  | Learned a level 6 spell: Statue Form
 19862 | Snake:4  | Entered Level 4 of the Snake Pit
 19976 | Snake:4  | Noticed a nagaraja
 19986 | Snake:4  | Killed a nagaraja
 20002 | Snake:4  | Found Avvaitt's Antique Weapon Shoppe.
 20017 | Snake:4  | Reached skill level 1 in Earth Magic
 20227 | Snake:4  | Reached skill level 1 in Transmutations
 20707 | Shoals:1 | Entered Level 1 of the Shoals
 20715 | Shoals:1 | Found a transporter.
 20780 | Shoals:1 | Noticed Rijenev's ghost (journeyman MiFi)
 20805 | Shoals:1 | Found a transporter.
 20837 | Shoals:1 | Reached XP level 17. HP: 77/92 MP: 21/24
 21126 | Shoals:1 | Reached skill level 5 in Spellcasting
 21350 | Shoals:1 | Killed Rijenev's ghost
 21359 | Shoals:1 | Identified the Volume of Blows and Bruises
 21715 | Shoals:2 | Cast into level 3 of the Abyss (merfolk)
 21777 | Abyss:3  | Reached skill level 18 in Unarmed Combat
 21840 | Abyss:3  | Lost mutation: Your mind is acute. (Int +2) [a neqoxec]
 22121 | Abyss:3  | Noticed a tentacled starspawn
 22129 | Abyss:3  | Killed a tentacled starspawn
 22157 | Abyss:3  | Noticed a tentacled starspawn
 22161 | Abyss:3  | Noticed a quicksilver dragon
 22164 | Abyss:3  | Killed a tentacled starspawn
 22177 | Abyss:3  | Killed a quicksilver dragon
 22177 | Abyss:3  | Reached skill level 5 in Earth Magic
 22182 | Abyss:3  | Reached skill level 5 in Transmutations
 22249 | Shoals:2 | Escaped the Abyss
 22351 | Shoals:2 | Reached XP level 18. HP: 70/98 MP: 25/29
 22615 | Shoals:3 | Noticed Ilsuiw
 22800 | Shoals:3 | Killed Ilsuiw
 22826 | Shoals:3 | Noticed Polyphemus
 22841 | Shoals:3 | HP: 3/98 [satyr/arrow (13)]
 22844 | Shoals:3 | Noticed Louise
 22845 | Shoals:3 | Cast into level 3 of the Abyss (Louise)
 22937 | Abyss:3  | Noticed a Hell Sentinel
 22948 | Abyss:3  | Killed a Hell Sentinel
 22983 | Abyss:3  | Noticed a bone dragon
 22996 | Abyss:3  | Killed a bone dragon
 23028 | Abyss:3  | Found an ancient bone altar of Kikubaaqudgha.
 23124 | Shoals:3 | Escaped the Abyss
 23133 | Shoals:3 | Noticed Kirke
 23149 | Shoals:2 | Killed Louise
 23184 | Shoals:3 | Killed Kirke
 23197 | Shoals:3 | Killed Polyphemus
 23344 | Shoals:3 | Found Gubip's Jewellery Boutique.
 23728 | Shoals:4 | Entered Level 4 of the Shoals
 23744 | Shoals:4 | Killed from afar by a merfolk aquamancer

Vault maps used:
D:1:      dpeg_arrival_brainrot, serial_corexii_hall, corexii_hall_statues_i,
          corexii_hall_statues_i, corexii_hall_statues_u,
          corexii_hall_statues_l, lemuel_old_faithful
D:2:      nemelex_xobeh_ov_fountains_minmay
D:3:      first_ration
D:4:      lemuel_doored_altar, tso_altar, biasface_ghost_orc_armoury, uniq_robin
D:5:      gammafunk_wand_slinger, led_xom_imps
D:6:      minmay_temple_entry_water_ring, enter_ossuary_4
D:8:      lair_entry_dummy
D:9:      minitemple, david_orc_4, serial_shops, shop_statue, uniq_erolcha
D:10:     special_room, serial_shops, nicolae_shop_window_shopping,
          hangedman_pestilent_swarm
D:11:     hex_intersection, roderic_batcave
D:12:     gammafunk_ghost_necromancy, uniq_azrael, uniq_snorg
D:13:     minmay_lizard_king
D:14:     david_vaults_1
Lair:1:   gammafunk_ghost_hydra_chop, patterned_corridor, grunt_megastairs_3
Lair:2:   minmay_shoals_entry_hut, grunt_megastairs_4, lemuel_fruit_tree,
          lemuel_fruit_fields
Lair:3:   gammafunk_cloud_chamber
Lair:4:   guppyfry_snake_entry_garden, infiniplex_staircase_pool
Lair:5:   nzn_motion_control, slime_altar_1
Lair:6:   grunt_lair_end_beastmaster, basic_altar, kilobyte_rumbling_trees,
          uniq_josephine
Shoals:1: gammafunk_ghost_arena, yaktaur_hedge
Shoals:3: serial_shops, nicolae_shop_behind_doors, uniq_louise, uniq_polyphemus,
          uniq_kirke, uniq_ilsuiw
Shoals:4: shoals_end_grunt_ice, gammafunk_ghost_necromancy
Snake:1:  gammafunk_ghost_cemetery
Snake:2:  ebering_ghost_disaster_area, spider_trap
Snake:3:  nrook_guardian_serpent_ordinary, uniq_roxanne
Snake:4:  snake_pit, serial_shops, shop_fountains
Orc:1:    abandoned_shop, nicolae_orc_lava_room, uniq_fannar
Orc:2:    st_orc_congregation
Abyss:3:  evilmike_abyss_exit_15
Abyss:4:  nicolae_abyss_rune_left_handed
Ossuary:  ossuary_tomb_2

Skill      XL: |  1  2  3  4  5  6  7  8  9 10 11 12 13 14 15 16 17 18 |
---------------+-------------------------------------------------------+-----
Unarmed Combat | 1 2 3 5 6 8 9 10 11 12 13 14 15 16 17 18 | 18.0
Fighting       | 1 2 4 5 6 7 8 9 10 11 12 | 12.0
Shields        | 1 3 4 6 7 8 9 10 11 12 | 12.0
Armour         | 1 3 4 5 6 7 8 9 10 | 10.0
Invocations    | 1 3 5 6 7 9 |  9.0
Necromancy     | 3 4 |  4.0
Charms         | 3 4 |  4.0
Spellcasting   | 4 7 8 |  8.9
Earth Magic    | 2 5 7 |  7.8
Transmutations | 2 5 7 |  7.8
Dodging        | |  1.5
Stealth        | |  2.4
Conjurations   | |  1.0
Ice Magic      | |  3.0

Action                   |  1- 3 |  4- 6 |  7- 9 | 10-12 | 13-15 | 16-18 || total
-------------------------+-------+-------+-------+-------+-------+-------++-------
Melee: Unarmed           |   138 |   176 |   251 |   396 |   830 |   902 ||  2693
       Bite              |    24 |    42 |    82 |   202 |   472 |   508 ||  1330
       Headbutt          |    14 |    29 |    83 |   137 |   330 |   341 ||   934
       Punch             |     1 |     2 |       |       |       |       ||     3
 Cast: Freeze            |    17 |       |       |       |       |       ||    17
Invok: Slouch            |       |       |       |     5 |    11 |    13 ||    29
       Temporal Distorti |       |       |       |       |       |     1 ||     1
Evoke: Wand              |       |       |       |       |     1 |       ||     1
  Use: Scroll            |     2 |     4 |    14 |     8 |    15 |     9 ||    52
       Potion            |     1 |       |     1 |       |       |     6 ||     8
 Stab: Petrified         |       |       |       |       |     7 |     6 ||    13
       Distracted        |       |       |       |       |     1 |     1 ||     2
       Petrifying        |       |       |       |       |     1 |     1 ||     2
  Eat: Chunk             |     2 |     5 |     4 |     8 |     3 |       ||    22
       Ration            |       |       |       |       |     7 |     4 ||    11
Armor: Robe              |     8 |       |       |       |       |       ||     8
       Chain mail        |    88 |   104 |   109 |   138 |   248 |   367 ||  1054
       Skin              |       |       |    22 |       |       |       ||    22
Dodge: Dodged            |    55 |    39 |    31 |    54 |   130 |   219 ||   528
Block: Large shield      |       |       |   205 |   433 |   855 |  1256 ||  2749

Table legend:
 A = Spawn XP
 B = Non-spawn XP
 C = Spawn XP percentage of total XP
 D = Spawn monster count
 E = Non-spawn monster count
 F = Spawn count percentage of total count
 G = Total turns spent on level
                    A         B        C        D         E        F      G
               +---------+---------+-------+---------+---------+-------+---------
         Total |   15381 |  276681 |   5.3 |      26 |     995 |   2.5 | 23744
               +---------+---------+-------+---------+---------+-------+---------
           D:1 |       0 |      35 |   0.0 |       0 |      21 |   0.0 |  1346
           D:2 |       0 |      48 |   0.0 |       0 |      14 |   0.0 |   690
           D:3 |       0 |     214 |   0.0 |       0 |      19 |   0.0 |   553
           D:4 |       0 |     351 |   0.0 |       0 |      24 |   0.0 |   671
           D:5 |       0 |     733 |   0.0 |       0 |      20 |   0.0 |   659
           D:6 |       0 |    1526 |   0.0 |       0 |      30 |   0.0 |   488
           D:7 |       0 |    1390 |   0.0 |       0 |      21 |   0.0 |   415
           D:8 |       0 |    1699 |   0.0 |       0 |      39 |   0.0 |   947
           D:9 |       0 |    2604 |   0.0 |       0 |      33 |   0.0 |   708
          D:10 |       0 |    4849 |   0.0 |       0 |      54 |   0.0 |   693
          D:11 |       0 |    2876 |   0.0 |       0 |      36 |   0.0 |   598
          D:12 |       0 |    9226 |   0.0 |       0 |      27 |   0.0 |   560
          D:13 |       0 |    8667 |   0.0 |       0 |      37 |   0.0 |   758
          D:14 |       0 |   12364 |   0.0 |       0 |      34 |   0.0 |   479
        Lair:1 |       0 |    5253 |   0.0 |       0 |      24 |   0.0 |   795
        Lair:2 |       0 |    6536 |   0.0 |       0 |      29 |   0.0 |   747
        Lair:3 |       0 |    3898 |   0.0 |       0 |      21 |   0.0 |   813
        Lair:4 |       0 |    5998 |   0.0 |       0 |      22 |   0.0 |   774
        Lair:5 |       0 |    4206 |   0.0 |       0 |      10 |   0.0 |   723
        Lair:6 |       0 |   25040 |   0.0 |       0 |      61 |   0.0 |   941
      Shoals:1 |       0 |   24223 |   0.0 |       0 |      45 |   0.0 |   695
      Shoals:2 |       0 |   27632 |   0.0 |       0 |      49 |   0.0 |   846
      Shoals:3 |       0 |   22511 |   0.0 |       0 |      37 |   0.0 |   667
       Snake:1 |       0 |    9891 |   0.0 |       0 |      13 |   0.0 |  1322
       Snake:2 |       0 |   22710 |   0.0 |       0 |      32 |   0.0 |  1225
       Snake:3 |       0 |   16600 |   0.0 |       0 |      32 |   0.0 |  1261
       Snake:4 |       0 |    7512 |   0.0 |       0 |      14 |   0.0 |   706
         Orc:1 |       0 |    5057 |   0.0 |       0 |      30 |   0.0 |   580
         Orc:2 |       0 |   13642 |   0.0 |       0 |      93 |   0.0 |  1101
       Abyss:3 |   15224 |   29139 |  34.3 |      25 |      48 |  34.2 |   756
       Abyss:4 |     157 |       0 | 100.0 |       1 |       0 | 100.0 |    57
       Ossuary |       0 |     251 |   0.0 |       0 |      26 |   0.0 |   154
               +---------+---------+-------+---------+---------+-------+---------
